 Dungeon Crawl Stone Soup version 0.29.1-debian-1-gc3f1650bb9 (webtiles) character file.

Game seed: 8938605471256708409

39 pokeman the Magician (level 3, -2/20 HPs)
             Began as a Deep Elf Hedge Wizard on Sept 12, 2022.
             Slain by a jackal (3 damage)
             ... on level 1 of the Dungeon.
             The game lasted 00:03:18 (1223 turns).

pokeman the Magician (Deep Elf Hedge Wizard)        Turns: 1223, Time: 00:03:19

Health: -2/20      AC:  5    Str:  7    XL:     3   Next: 26%
Magic:  2/11       EV: 11    Int: 20    God:
Gold:   22         SH:  0    Dex: 14    Spells: 2/12 levels left

rFire   . . .      SeeInvis .   a - +0 dagger
rCold   + . .      Faith    .   (no shield)
rNeg    . . .      Spirit   .   j - +0 leather armour {rC+}
rPois   .          Reflect  .   c - +0 hat
rElec   .          Harm     .   (no cloak)
rCorr   .          Rampage  .   e - +1 pair of gloves
Will    .....                   (no boots)
Stlth   ++........              (no amulet)
HPRegen 0.06/turn               (no ring)
MPRegen 0.12/turn               (no ring)

@: no status effects
A: no striking features
a: no special abilities


You were on level 1 of the Dungeon.
You visited 1 branch of the dungeon, and saw 1 of its levels.

You collected 22 gold pieces.

Inventory:

Hand Weapons
 a - a +0 dagger (weapon)
Armour
 c - a +0 hat (worn)
 e - a +1 pair of gloves (worn)
 j - a +0 leather armour of cold resistance (worn)
Scrolls
 f - a scroll of fog {unknown}
 h - a scroll of fear {unknown}
Potions
 b - a potion of curing {unknown}
 d - a potion of magic
 g - a potion of haste {unknown}
 i - a potion of berserk rage {unknown}


   Skills:
 + Level 0.8 Fighting
 + Level 0.9 Armour
 - Level 2.4 Dodging
 - Level 2.4 Stealth
 * Level 5.1 Spellcasting
 + Level 1.8 Conjurations
 - Level 1.1 Summonings
 - Level 1.1 Translocations


You had 2 spell levels left.
You knew the following spells:

 Your Spells              Type           Power      Damage    Failure   Level
a - Magic Dart            Conj           48%        1d5       8%          1
b - Mephitic Cloud        Conj/Pois/Air  7%         N/A       36%         3
c - Call Imp              Summ           9%         N/A       16%         2
d - Blink                 Tloc           18%        N/A       16%         2
e - Cigotuvi's Dreadful   Necr/Pois/Air  10%        N/A       26%         2

Your spell library contained the following spells:

 Spells                   Type           Power      Damage    Failure   Level
 Slow                     Hex            20%        N/A       17%         1


Dungeon Overview and Level Annotations

Branches:
Dungeon (1/15)

Altars:


Message History

The jackal bites you.
* * * LOW HITPOINT WARNING * * *
You completely miss the jackal.
The jackal is heavily wounded.
The jackal bites you but does no damage. x3
The jackal barely misses you. The jackal attacks as you move away!
The jackal closely misses you.
You closely miss the jackal.
The jackal bites you but does no damage.
The jackal barely misses you. x2; The jackal closely misses you.
The jackal attacks as you move away! The jackal misses you.
You barely miss the jackal. The jackal closely misses you.
The jackal misses you.
You hit the jackal.
The jackal is severely wounded.
The jackal closely misses you.
You hit the jackal.
You kill the jackal!
The jackal barely misses you.
Casting: Magic Dart (safe; 8% risk of failure)
Confirm with . or Enter, or press ? or * to list all spells.
Aiming: Magic Dart (safe; 8% risk of failure)
Press: ? - help, Shift-Dir - straight line, f - jackal
Aim: a jackal (100% to hit)
The magic dart hits the jackal.
The jackal is heavily wounded.
The jackal barely misses you.
Unknown command.
You hit the jackal but do no damage.
The jackal is heavily wounded.
The jackal bites you but does no damage.
Casting: Magic Dart (safe; 8% risk of failure)
Confirm with . or Enter, or press ? or * to list all spells.
Aiming: Magic Dart (safe; 8% risk of failure)
Press: ? - help, Shift-Dir - straight line, f/p - jackal
Aim: a jackal (heavily wounded, 100% to hit)
The magic dart hits the jackal.
The jackal is almost dead.
The jackal bites you.
You die...

...#...# ...###.# ...# #.#
..## #.## ..# #..# .## ##.##
########## .# #..##
######........# ##
##..###....#........# #
##.⌠...⌠#@#..[.....#
###.....#h##..†.####
#..⌠._...hh.h.#.##
#.#...........#.h##
#.#⌠.⌠........##h.# ####
#####..###....#######.#####...
#......######..### #..##...##
######.....###...####.....###
##########÷............[###


You could see 3 jackals.

Vanquished Creatures
  3 ball pythons (D:1)
  3 bats (D:1)
  2 endoplasms (D:1)
  2 giant cockroaches (D:1)
  2 hobgoblins (D:1)
  8 jackals (D:1)
  2 kobolds (D:1)
  2 quokkas (D:1)
  2 frilled lizards (D:1)
  4 goblins (D:1)
  3 rats (D:1)
33 creatures vanquished.

Notes
Turn   | Place    | Note
-------+----------+-------------------------------------------
     0 | D:1      | pokeman the Deep Elf Hedge Wizard began the quest for the
                  | Orb.
     0 | D:1      | Reached XP level 1. HP: 10/10 MP: 7/7
   399 | D:1      | Reached XP level 2. HP: 15/15 MP: 6/9
   609 | D:1      | Found a faded altar of an unknown god.
   702 | D:1      | Reached skill level 5 in Spellcasting
   914 | D:1      | Reached XP level 3. HP: 20/20 MP: 8/11
   918 | D:1      | Learned a level 3 spell: Mephitic Cloud
   921 | D:1      | Learned a level 2 spell: Call Imp
   924 | D:1      | Learned a level 2 spell: Blink
   927 | D:1      | Learned a level 2 spell: Cigotuvi's Dreadful Rot
  1212 | D:1      | HP: 1/20 [jackal (2)]
  1223 | D:1      | Slain by a jackal

Illustrated notes

Levels and vault maps discovered:
D:1:      minmay_arrival_jagged, layout_rooms, serial_curves, eino_curves_01,
          eino_curves_03, eino_curves_01, eino_curves_01,
          hellmonk_ecumenical_altar_run_dry

Skill      XL: |  1  2 |
---------------+-------+-----
Spellcasting   | 5 |  5.1
Fighting       | |  0.8
Armour         | |  0.9
Dodging        | |  2.4
Stealth        | |  2.4
Conjurations   | |  1.8
Summonings     | |  1.1
Translocations | |  1.1

Action                   || total
-------------------------++-------
Melee: Dagger            ||    30
 Cast: Magic Dart        ||    72
Armor: Robe              ||     2
       Leather armour    ||    40
Dodge: Dodged            ||    64
